 Dungeon Sprint DCSS version 0.26.1-2-gb8aa6d0cf2 (webtiles) character file.

Game seed: 14672494095024669609

20509 Groucho the Imperceptible (level 12, 64/64 HPs)
             Began as a Felid Berserker on Feb 13, 2021.
             Was a High Priest of Trog.
             Got out of the dungeon alive.
             The game lasted 00:18:51 (5808 turns).

Groucho the Imperceptible (Felid Berserker)         Turns: 5808, Time: 00:18:52

Health: 64/64      AC:  3    Str: 13    XL:     12   Next: 46%
Magic:  13/13      EV: 35    Int: 10    God:    Trog [*****.]
Gold:   2107       SH:  0    Dex: 19    Spells: 11/11 levels left
                                        Lives:  2   Deaths: 0

rFire    + . .     SeeInvis +     - Unarmed
rCold    + . .     Faith    .   (shield unavailable)
rNeg     . . .     Spirit   .   (armour unavailable)
rPois    +         Reflect  .   (helmet unavailable)
rElec    .         Harm     .   (cloak unavailable)
rCorr    .         Rampage  .   (gloves unavailable)
Will     +....     NoTele   +   (boots unavailable)
Stlth    ++++++++++             (no amulet)
HPRegen  0.20/turn              g - ring of poison resistance
MPRegen  0.13/turn              p - ring of protection from fire

@: quick
A: very small, no armour, no weapons or thrown items, stealth, claws 1, fangs 3,
see invisible, speed 1, shaggy fur 3, sharp paws
a: Renounce Religion, Berserk, Trog's Hand, Brothers in Arms


You escaped.
You worshipped Trog.
Trog was extremely pleased with you.
You visited 1 branch You collected 2974 gold pieces.
You spent 867 gold pieces at shops.

Inventory:

Jewellery
 g - a ring of poison resistance (left paw)
 i - a +6 ring of dexterity {unknown}
 o - an uncursed ring of flight
 p - a ring of protection from fire (right paw)
 r - the ring of Ashenzari's Supremacy {Wiz rN+, unknown}
   (You found it in the Dungeon)

   [ring of wizardry]

   It improves your spell success rate.
   It protects you from negative energy.
 t - an uncursed ring of magical power {unknown}
Wands
 u - a wand of disintegration (11)
Scrolls
 b - a scroll of brand weapon {unknown}
 f - a scroll of summoning {unknown}
 j - 3 scrolls of identify {unknown}
 k - a scroll of vulnerability {unknown}
 l - a scroll of acquirement {unknown}
 m - 2 scrolls of amnesia {unknown}
 n - a scroll of fog {unknown}
 q - 2 scrolls of fear {unknown}
 s - a scroll of remove curse {unknown}
Potions
 a - 3 potions of curing
 c - a potion of haste
 d - 2 potions of magic
 e - a potion of berserk rage
 h - a potion of flight {unknown}


   Skills:
 + Level 14.8 Fighting
 + Level 18.5 Dodging
 + Level 25.1 Stealth
 + Level 14.8 Unarmed Combat


You had 11 spell levels left.
You didn't know any spells.
Your spell library was empty.

Dungeon Overview and Level Annotations

Branches:
Dungeon (1/1)

Altars:
Cheibriados
Dithmenos
Elyvilon
Fedhas
Gozag
Hepliaklqana
Kikubaaqudgha
Makhleb
Nemelex Xobeh
Okawaru
Qazlal
Ru
Sif Muna
Trog
Uskayaw
Vehumet
Wu Jian
Xom
Yredelemnul
Zin
The Shining One
Jiyva
Lugonu

Shops:
D [((=?[!:(**:=[**((![[}

Annotations:
D Tiamat


Innate Abilities, Weirdness & Mutations

You cannot wear armour.
You are incapable of wielding weapons or throwing items.
Your paws allow you to move quietly. (Stealth)
You have sharp claws.
You have razor-sharp teeth.
You have supernaturally acute eyesight. (SInv)
You cover ground quickly.
Your thick and shaggy fur keeps you warm. (AC +3, rC+)
Your sharp claws are effective at attacking unaware monsters.


Message History

There is an open door, spattered with blood here.
There is an open door, spattered with blood here.
There is an open door, spattered with blood here.
There is an open door here.
There is an open door here.
There is an open door here.
There is an open door here.
There is an open door here.
There is an open door here.
Things that are here:
a +0 scythe; a +0 robe
There is an open door here.
You see here a +0 giant club.
There is an open door here.
There is an open door here.
There is a staircase leading out of the dungeon here.
Are you sure you want to leave the Dungeon?
This will make you lose the game!
Alright, then stay!
Are you sure you want to leave the Dungeon?
This will make you lose the game!
You have escaped!

##################
#@.#..'..#.)'..#__
#..'[.#.)'..#..'..
#..#####+#####'#__
#..####..#...#.###
#..#__####..##[#≈§
#..#_____##'#_.§§≈
#⌠⌠#_.∩...'..._#§§
####_..__##_.#'##+
#_____###'#.#.:


There were no monsters in sight!

Vanquished Creatures
  A lorocyproca (D)
  A hydra (D)
  2 centaur warriors (D)
  Sonja (D)
  A deep troll (D)
  7 unseen horrors (D)
  A lindwurm (D)
  An oklob plant (D)
  A gargoyle (D)
  2 kobold demonologists (D)
  2 demonic crawlers (D)
  A hornet (D)
  A slime creature (D)
  Sigmund (D)
  A yak (D)
  2 redbacks (D)
  13 hogs (D)
  3 floating eyes (D)
  7 necrophages (D)
  An ogre (D)
  8 jellies (D)
  Ijyb (D)
59 creatures vanquished.

Vanquished Creatures (collateral kills)
  A golden dragon (D)
  A shadow dragon (D)
  3 fire giants (D)
  8 shining eyes (D)
  2 demonic crawlers (D)
  4 floating eyes (D)
19 creatures vanquished.

Vanquished Creatures (others)
  the Lernaean hydra (D)
  A deep elf master archer (D)
  A fire giant (D)
  A merfolk siren (D)
  A gargoyle (D)
  A hellwing (D)
  4 hornets (D)
  2 ballistomycete spores (D)
12 creatures vanquished.

Grand Total: 90 creatures vanquished

Notes
Turn   | Place    | Note
-------+----------+-------------------------------------------
     0 | D        | Groucho the Felid Berserker began the quest for the Orb.
     0 | D        | Reached XP level 1. HP: 10/10 MP: 2/2
     2 | D        | Noticed Ijyb
    10 | D        | Killed Ijyb
    11 | D        | Reached skill level 8 in Stealth
    11 | D        | Reached XP level 2. HP: 14/14 MP: 3/3
    84 | D        | Noticed an ogre
    86 | D        | Killed an ogre
    87 | D        | Reached skill level 12 in Stealth
    87 | D        | Reached XP level 3. HP: 17/17 MP: 4/4
    87 | D        | Reached XP level 4. HP: 21/21 MP: 5/5
   100 | D        | Noticed Sigmund
   102 | D        | Killed Sigmund
   102 | D        | Reached ** piety under Trog
   103 | D        | Reached skill level 16 in Stealth
   103 | D        | Reached XP level 5. HP: 24/24 MP: 6/6
   115 | D        | Found a shimmering blue altar of Sif Muna.
   116 | D        | Found an ornate altar of the Wu Jian Council.
   117 | D        | Found a radiant altar of Vehumet.
   123 | D        | Gained mutation: You are covered in thick fur. (AC +2)
                  | [Felid growth]
   123 | D        | Reached XP level 6. HP: 28/28 MP: 7/7
   149 | D        | Found Titia's Jewellery Emporium.
   149 | D        | Found an ancient bone altar of Kikubaaqudgha.
   149 | D        | Found a hazy altar of Hepliaklqana.
   149 | D        | Found a stormy altar of Qazlal.
   149 | D        | Found a hide-covered altar of Uskayaw.
   149 | D        | Found a blossoming altar of Fedhas.
   149 | D        | Found a bloodstained altar of Trog.
   149 | D        | Found an iron altar of Okawaru.
   149 | D        | Found a basalt altar of Yredelemnul.
   149 | D        | Found a glowing golden altar of the Shining One.
   149 | D        | Found a snail-covered altar of Cheibriados.
   149 | D        | Found a sacrificial altar of Ru.
   149 | D        | Found a glowing silver altar of Zin.
   149 | D        | Found a shadowy altar of Dithmenos.
   149 | D        | Found a white marble altar of Elyvilon.
   149 | D        | Noticed a yak
   150 | D        | Found an opulent altar of Gozag.
   151 | D        | Killed a yak
   152 | D        | Reached skill level 18 in Stealth
   152 | D        | Found a sparkling altar of Nemelex Xobeh.
   156 | D        | Bought an uncursed ring of poison resistance for 240 gold
                  | pieces
   168 | D        | Found a viscous altar of Jiyva.
   168 | D        | Found a corrupted altar of Lugonu.
   168 | D        | Noticed a slime creature
   169 | D        | Found a burning altar of Makhleb.
   169 | D        | Found a shimmering altar of Xom.
   171 | D        | Killed a slime creature
   171 | D        | Reached *** piety under Trog
   172 | D        | Reached skill level 5 in Dodging
   172 | D        | Reached XP level 7. HP: 32/32 MP: 8/8
   199 | D        | Noticed a centaur warrior
   199 | D        | Noticed a centaur warrior
   200 | D        | Killed a centaur warrior
   201 | D        | Reached skill level 19 in Stealth
   201 | D        | Reached XP level 8. HP: 39/39 MP: 9/9
   201 | D        | Killed a centaur warrior
   202 | D        | Reached skill level 10 in Dodging
   202 | D        | Reached skill level 20 in Stealth
   501 | D        | Noticed a hornet
   512 | D        | Killed a hornet
   513 | D        | Reached XP level 9. HP: 43/44 MP: 10/10
   792 | D        | Noticed an oklob plant
  1227 | D        | Noticed a deep troll
  1238 | D        | Killed a deep troll
  1474 | D        | Found Puqelew's Armour Emporium.
  1485 | D        | Noticed Sonja
  1488 | D        | Killed Sonja
  1488 | D        | Reached **** piety under Trog
  1489 | D        | Reached skill level 21 in Stealth
  1507 | D        | Found Zosilo's Antique Armour Boutique.
  1569 | D        | Killed a merfolk siren
  1891 | D        | Killed an oklob plant
  1927 | D        | Killed a gargoyle
  1988 | D        | Reached XP level 10. HP: 51/51 MP: 11/11
  2238 | D        | Reached skill level 10 in Fighting
  2238 | D        | Reached skill level 10 in Unarmed Combat
  2244 | D        | Noticed an unseen horror
  2246 | D        | Noticed an unseen horror
  2262 | D        | Killed an unseen horror
  2336 | D        | Killed an unseen horror
  2341 | D        | Reached ***** piety under Trog
  2366 | D        | Reached skill level 22 in Stealth
  2394 | D        | Reached ****** piety under Trog
  2570 | D        | Killed a deep elf master archer
  2595 | D        | Found Ojodolag's Book Shoppe.
  2595 | D        | Found Liaquab's Distillery.
  2595 | D        | Found Saog's Weapon Boutique.
  2597 | D        | Found Covu's Assorted Antiques.
  2597 | D        | Found Fahad's General Store.
  2597 | D        | Found Lynuoqur's Book Shoppe.
  2597 | D        | Found Xefunuesh's Jewellery Boutique.
  2597 | D        | Found Ukhlu's Antique Armour Emporium.
  2597 | D        | Found Baamuih's Assorted Antiques.
  2597 | D        | Found Perufi's General Store.
  2601 | D        | Found Tokytroa's Antique Weapon Boutique.
  2602 | D        | Found Jaojudd's Distillery.
  2602 | D        | Found Hikuschil's Weapon Boutique.
  2603 | D        | Found Mymal's Armour Emporium.
  2605 | D        | Bought an uncursed ring of flight for 192 gold pieces
  2675 | D        | Noticed a shining eye
  2675 | D        | Noticed a shining eye
  2675 | D        | Noticed a shining eye
  2675 | D        | Noticed a shining eye
  2675 | D        | Noticed a shining eye
  2675 | D        | Noticed a shining eye
  2678 | D        | Killed a shining eye
  2679 | D        | Killed a shining eye
  2680 | D        | Noticed a shining eye
  2680 | D        | Noticed a shining eye
  2680 | D        | Killed a shining eye
  2681 | D        | Killed a shining eye
  2682 | D        | Killed a shining eye
  2685 | D        | Killed a shining eye
  2685 | D        | Killed a shining eye
  2687 | D        | Killed a shining eye
  2693 | D        | Found Goimuvyk's Weapon Shoppe.
  2693 | D        | Found Qewkear's Magic Scroll Shop.
  2693 | D        | Found Acahoff's Weapon Emporium.
  2693 | D        | Found Omug's Armour Boutique.
  2743 | D        | Killed the 27-headed Lernaean hydra
  2762 | D        | Reached XP level 11. HP: 57/57 MP: 12/12
  2765 | D        | Reached skill level 15 in Dodging
  2777 | D        | Reached skill level 23 in Stealth
  2859 | D        | Noticed a lorocyproca
  2878 | D        | Killed a lorocyproca
  3480 | D        | Noticed a lindwurm
  3488 | D        | Killed a lindwurm
  3984 | D        | Noticed a 12-headed hydra
  3986 | D        | Killed a 12-headed hydra
  4347 | D        | Bought an uncursed ring of protection from fire for 275
                  | gold pieces
  4418 | D        | Noticed a deep elf annihilator
  4472 | D        | Noticed a shadow dragon
  4473 | D        | Noticed a golden dragon
  4481 | D        | Killed a golden dragon
  4482 | D        | Reached skill level 24 in Stealth
  4488 | D        | Killed a shadow dragon
  4489 | D        | Gained mutation: Your thick and shaggy fur keeps you warm.
                  | (AC +3, rC+) [Felid growth]
  4489 | D        | Reached XP level 12. HP: 32/63 MP: 13/13
  4610 | D        | Got a vibrating platinum ring
  4669 | D        | Found Lugimayp's Gadget Shoppe.
  4687 | D        | Bought a wand of disintegration (12) for 160 gold pieces
  4724 | D        | Noticed a daeva
  4741 | D        | Noticed a fire giant
  4744 | D        | Noticed a fire giant
  4745 | D        | Noticed a fire giant
  4762 | D        | HP: 1/64 [fire giant/fireball (16)]
  4762 | D        | Killed a fire giant
  5268 | D        | Noticed a fire giant
  5285 | D        | Killed a fire giant
  5287 | D        | Killed a fire giant
  5288 | D        | Reached skill level 25 in Stealth
  5304 | D        | Killed a fire giant
  5698 | D        | Found the +4 dragonskin cloak
  5698 | D        | Noticed Tiamat
  5808 | D        | Got out of the dungeon alive.

Illustrated notes

Levels and vault maps discovered:
D:        dungeon_sprint_1 [red_sonja_temple_1, red_sonja_temple_small_1]

Skill      XL: |  1  2  3  4  5  6  7  8  9 10 11 12 |
---------------+-------------------------------------+-----
Stealth        | 8 12 16 18 19 20 21 22 24 25 | 25.1
Fighting       | 4 6 8 9 11 13 14 | 14.8
Dodging        | 5 8 10 12 14 17 18 | 18.5
Unarmed Combat | 4 6 8 9 11 13 14 | 14.8

Action                   |  1- 3 |  4- 6 |  7- 9 | 10-12 || total
-------------------------+-------+-------+-------+-------++-------
Melee: Unarmed           |     8 |     4 |    31 |   118 ||   161
       Punch             |       |       |     3 |     9 ||    12
       Bite              |       |       |     2 |    16 ||    18
Invok: Berserk           |     1 |       |     3 |     4 ||     8
       Trog's Hand       |       |       |     2 |       ||     2
       Brothers in Arms  |       |       |     1 |    14 ||    15
Evoke: Wand              |       |       |       |     1 ||     1
  Use: Scroll            |       |       |     1 |       ||     1
       Potion            |       |       |     1 |     3 ||     4
 Stab: Sleeping          |     1 |     4 |     4 |    22 ||    31
Armor: Skin              |       |       |       |     1 ||     1
Dodge: Dodged            |     3 |       |    29 |    84 ||   116
